Map: Eternal Empire LE

Players

soul - Winner!

  • Race: Terran Terran
  • League: Grandmaster
  • Spawn Location: 7:00

HellraiseR

  • Race: Protoss Protoss
  • League: Grandmaster
  • Spawn Location: 1:00

Event: DreamHack SC2 Masters 2020 Summer Europe

VOD

Have the link to the VOD?

Description

Time

  • Played on: July 3, 2020, 12:46 p.m.
  • Length: 11:02

All games in this series

Show
View Real Time Build Order
Export as new Build Order

soul Terran - Winner!

Build Orders: Gas First Reaper Expand 

Get SALT Encoding   

  12  0:00  SCV  
  13  0:12  SCV  
  14  0:17  Supply Depot  
  14  0:25  SCV  
  15  0:31  Refinery  
  15  0:39  SCV  
  16  0:44  Barracks  
  16  0:51  SCV  
  17  1:03  SCV  
  18  1:16  SCV  
  19  1:31  Orbital Command, Reaper  
  20  1:43  Command Center  
  20  1:54  Factory  
  20  1:59  SCV  
  21  2:08  Supply Depot  
  21  2:09  Barracks Reactor  
  21  2:12  SCV  
  22  2:17  Refinery  
  22  2:24  SCV  
  23  2:36  SCV  
  24  2:48  Starport, SCV  
  24  2:50  Hellion x2  
  29  2:58  Orbital Command  
  29  3:00  SCV  
  30  3:12  Hellion x2, SCV  
  35  3:14  Barracks Tech Lab  
  35  3:24  SCV  
  35  3:25  Medivac  
  35  3:26  SCV  
  39  3:33  Supply Depot  
  39  3:37  SCV  
  39  3:38  SCV  
  41  3:42  Supply Depot  
  41  3:44  Cyclone  
  41  3:48  Marine  
  45  3:49  SCV  
  45  3:54  Marine  
  47  4:00  SCV  
  48  4:04  SCV  
  48  4:06  Marine  
  50  4:12  Marine, SCV  
  50  4:16  SCV  
  50  4:25  SCV  
  50  4:26  Cyclone  
  50  4:28  Command Center  
  50  4:29  SCV  
  48  4:35  Marine x2  
  48  4:36  Bunker  
  48  4:37  SCV  
  51  4:41  SCV  
  51  4:44  Barracks  
  52  4:49  SCV  
  52  4:50  Barracks  
  52  4:52  Engineering Bay  
  53  4:53  Marine, SCV  
  53  4:54  Engineering Bay  
  55  5:01  SCV  
  55  5:02  Refinery  
  55  5:03  Refinery  
  55  5:04  Supply Depot  
  56  5:07  Siege Tank  
  56  5:11  Starport Tech Lab  
  60  5:14  SCV x2  
  60  5:16  Supply Depot  
  61  5:25  Terran Infantry Weapons Level 1  
  61  5:26  Supply Depot  
  61  5:27  Terran Infantry Armor Level 1  
  60  5:30  Missile Turret  
  60  5:34  Missile Turret  
  60  5:41  Orbital Command  
  61  5:42  SCV  
  61  5:45  SCV  
  61  5:46  Stimpack  
  61  5:47  Combat Shield, Factory Reactor  
  62  5:50  Starport Reactor  
  62  5:56  Marauder x2  
  66  5:57  Marine  
  66  5:59  Marine  
  68  6:08  Orbital Command  
  68  6:10  SCV x2  
  70  6:14  Barracks  
  70  6:17  Marauder x2  
  70  6:18  Barracks  
  74  6:20  Marine  
  74  6:22  SCV  
  76  6:27  SCV  
  76  6:31  Missile Turret  
  77  6:33  SCV  
  77  6:34  SCV  
  77  6:36  Marine  
  77  6:39  Marauder x2, SCV  
  85  6:41  Supply Depot  
  85  6:44  Armory  
  85  6:45  SCV, Medivac  
  85  6:46  SCV  
  89  6:47  Medivac  
  89  6:52  SCV  
  92  6:57  Widow Mine x2, SCV  
  92  6:58  SCV  
  92  7:00  Marauder  
  100  7:03  Marauder, Barracks Reactor  
  100  7:04  Supply Depot, Barracks Tech Lab  
  100  7:05  Supply Depot  
  100  7:07  SCV  
  103  7:09  SCV  
  103  7:10  Refinery, SCV  
  103  7:11  Supply Depot  
  103  7:13  Marine  
  106  7:15  Refinery  
  106  7:19  Starport, SCV  
  106  7:21  Ghost Academy, SCV  
  108  7:24  Marine  
  108  7:26  Marauder  
  108  7:27  SCV  
  112  7:31  SCV  
  112  7:32  Supply Depot x2  
  112  7:37  Terran Infantry Weapons Level 2  
  113  7:42  Medivac x2  
  117  7:47  Terran Infantry Armor Level 2  
  117  7:48  SCV, Terran Ship Weapons Level 1  
  117  7:49  SCV  
  118  7:53  Marauder x2, Marine, SCV  
  118  7:56  Marauder  
  126  8:00  Marine  
  127  8:06  Viking x2  
  127  8:08  Marine  
  132  8:14  Marauder  
  132  8:17  Marauder, Marine  
  137  8:23  Command Center  
  137  8:25  Marine  
  137  8:26  Marauder  
  137  8:27  Viking x2  
  137  8:29  Marine  
  137  8:33  Enhanced Shockwaves  
  142  8:40  Supply Depot  
  142  8:41  Supply Depot  
  144  8:42  Supply Depot  
  144  8:43  Supply Depot  
  144  8:46  Supply Depot, SCV  
  145  8:50  Ghost x2  
  145  8:53  Ghost  
  149  9:01  Marine x4  
  153  9:06  SCV x2  
  153  9:07  SCV  
  153  9:08  Supply Depot  
  152  9:10  Supply Depot, Unknown  
  152  9:11  Viking  
  152  9:12  Viking  
  156  9:17  Viking  
  156  9:19  Viking  
  160  9:24  Ghost  
  160  9:28  Fusion Core  
  160  9:30  Marauder x2  
  166  9:32  Marine x2  
  166  9:33  Marine  
  166  9:34  Marine  
  166  9:37  Planetary Fortress  
  170  9:42  Viking  
  83  9:45  Viking  
  172  9:50  Marine x2  
  172  9:51  Marine  
  172  9:52  Marauder x2  
  181  9:54  Marauder, Missile Turret  
  181  9:56  Sensor Tower  
  181  9:57  SCV x2  
  185  10:09  Barracks  
  185  10:10  Barracks x2  
  185  10:11  Marine x3  
  185  10:13  Marauder x2  
  198  10:38  Command Center  
  198  10:40  Marauder  
Show
View Real Time Build Order
Export as new Build Order

HellraiseR Protoss 

Build Orders: 1 Gate Expand, Phoenix Opening, Colossus Rush 

Get SALT Encoding   

  12  0:00  Probe  
  13  0:12  Probe  
  14  0:17  Pylon  
  14  0:23  Probe  
  15  0:31  Probe  
  16  0:36  Gateway  
  16  0:39  Probe  
  16  0:46  Assimilator  
  17  0:51  Probe  
  18  1:03  Probe  
  19  1:15  Probe  
  20  1:23  Cybernetics Core  
  20  1:31  Nexus  
  20  1:39  Pylon  
  20  1:42  Probe  
  21  1:49  Assimilator  
  21  1:50  Adept  
  21  1:54  Probe  
  24  2:03  Probe  
  25  2:11  Probe  
  25  2:20  Stargate, Probe  
  26  2:25  Adept  
  29  2:32  Probe  
  30  2:37  Warp Gate  
  30  2:41  Probe  
  31  2:44  Probe  
  31  2:49  Probe  
  32  2:56  Probe  
  32  2:58  Probe  
  34  2:59  Phoenix  
  37  3:08  Probe  
  37  3:10  Probe  
  37  3:11  Robotics Facility  
  39  3:18  Assimilator  
  39  3:20  Probe, Pylon  
  39  3:22  Probe  
  39  3:25  Phoenix  
  41  3:33  Probe  
  44  3:36  Pylon  
  44  3:40  Assimilator  
  45  3:41  Phoenix  
  45  3:45  Probe  
  45  3:47  Probe  
  48  3:57  Probe  
  48  3:59  Probe  
  50  4:07  Phoenix  
  50  4:09  Probe  
  52  4:10  Probe  
  48  4:18  Probe  
  48  4:21  Probe  
  47  4:26  Probe  
  48  4:33  Probe  
  48  4:38  Probe  
  50  4:41  Observer  
  50  4:44  Phoenix  
  50  4:45  Probe  
  54  4:47  Robotics Bay  
  54  4:50  Probe  
  55  4:55  Pylon  
  55  4:57  Probe  
  56  5:05  Probe  
  57  5:09  Probe  
  57  5:10  Gateway  
  57  5:11  Gateway, Observer  
  57  5:13  Pylon  
  59  5:17  Probe  
  59  5:19  Phoenix  
  62  5:21  Probe  
  62  5:25  Colossus  
  63  5:29  Probe  
  63  5:30  Nexus  
  63  5:34  Probe  
  71  5:45  Probe  
  71  5:48  Probe  
  73  5:56  Sentry  
  75  5:57  Probe  
  75  6:00  Probe  
  75  6:02  Extended Thermal Lance  
  77  6:08  Pylon  
  77  6:09  Probe  
  78  6:15  Colossus, Forge  
  78  6:16  Twilight Council  
  78  6:19  Pylon  
  78  6:26  Probe x2  
  78  6:29  Protoss Ground Weapons Level 1  
  86  6:38  Probe  
  86  6:39  Probe  
  88  6:41  Stalker x2  
  88  6:42  Stalker  
  88  6:43  Blink, Probe  
  95  6:50  Probe  
  96  6:57  Gateway, Probe  
  96  6:58  Probe  
  98  7:02  Gateway  
  98  7:06  Gateway  
  98  7:10  Probe x2  
  98  7:13  Probe  
  101  7:17  Colossus  
  101  7:19  Shield Battery  
  101  7:22  Probe  
  102  7:25  Assimilator  
  102  7:28  Assimilator  
  108  7:35  Gateway  
  108  7:37  Gateway  
  108  7:39  Pylon  
  108  7:45  Templar Archives  
  108  7:48  Probe  
  109  7:57  Probe x2  
  109  7:58  Pylon  
  111  8:02  Colossus  
  111  8:04  Nexus  
  117  8:23  Protoss Ground Weapons Level 2  
  117  8:28  Forge  
  117  8:32  Photon Cannon  
  117  8:33  Probe x2  
  117  8:34  Photon Cannon, Probe  
  107  8:39  High Templar x3  
  107  8:40  High Templar  
  116  8:41  Protoss Ground Armor Level 1, Zealot x4  
  116  8:42  Pylon  
  116  8:43  Photon Cannon  
  116  8:45  Archon x2, Probe  
  125  8:48  Photon Cannon  
  125  8:51  Pylon  
  125  9:00  Observer  
  120  9:02  Psionic Storm  
  120  9:03  Probe  
  120  9:04  Probe  
  120  9:05  Probe  
  120  9:09  Pylon  
  123  9:14  High Templar  
  123  9:15  Probe  
  123  9:16  Probe  
  127  9:17  Probe  
  127  9:20  Probe  
  129  9:28  Probe x2  
  129  9:29  Probe  
  132  9:32  Probe  
  132  9:33  High Templar  
  132  9:34  High Templar  
  137  9:40  Gateway, Probe  
  137  9:41  Gateway  
  137  9:44  Warp Prism  
  138  9:47  Probe, Pylon  
  138  9:48  Probe  
  138  9:49  Probe  
  141  9:58  Observer  
  143  10:08  Pylon  
  143  10:09  Probe  
  143  10:11  Probe  
  143  10:12  High Templar x4  
  153  10:14  Zealot  
  153  10:15  Zealot x3  
  153  10:16  Archon  
  153  10:17  Archon  
  161  10:22  Probe  
  162  10:38  Dark Shrine  
  162  10:40  Stalker x2, Zealot  
  168  10:43  Zealot x2  
  161  10:54  Archon  
  161  10:55  Zealot x3  
Tags
 
Add a new tag
Caveats
  • Supply blocks, unpowered buildings, or Contaminate may cause inaccurate times.
  • Supply counts are checked every 10 seconds.